 Dungeon Crawl Stone Soup version 0.27-a0-860-gaf99fae3ca (webtiles) character file.

Game seed: 10115913077671862522

11087 ziggurnaut the Nimble (level 11, -6/85 HPs)
             Began as a Djinni Fire Elementalist on Apr 1, 2021.
             Was a High Priest of Dithmenos.
             Hit by a boomerang thrown by an orc warrior (9 damage)
             ... on level 2 of the Orcish Mines on Apr 2, 2021.
             The game lasted 00:29:34 (16829 turns).

ziggurnaut the Nimble (Djinni Fire Elementalist)   Turns: 16829, Time: 00:29:34

Health: -6/85      AC:  7    Str:  7    XL:     11   Next: 72%
Gold:   569        EV: 15    Int: 24    God:    Dithmenos [*****.] SH:  0 Dex: 13

rFire    + + +     SeeInvis .   w - +9 quarterstaff "Urghu" {drain, *Rage rElec rN+}
rCold    . . .     Faith    .   (shield currently unavailable)
rNeg     + . .     Spirit   .   o - +2 leather armour {rF+}
rPois    ∞         Reflect  .   k - +1 helmet {Int+3}
rElec    +         Harm     .   (no cloak)
rCorr    .         Rampage  .   (no gloves)
Will     +....     Rnd*Rage +   (boots unavailable)
Stlth    ++........             (no amulet)
HPRegen  0.24/turn              d - ring of wizardry
MPRegen  0.00/turn              b - ring of protection from cold

@: confused, ambrosia-drunk, flying, wreathed by umbra
A: fire resistance 2, cold vulnerability 1, float, innate caster, hp casting,
extra vitality 1
a: Renounce Religion, Shadow Step, Shadow Form


You were on level 2 of the Orcish Mines.
You worshipped Dithmenos.
Dithmenos was extremely pleased with you.
You visited 2 branches of the dungeon, and saw 12 of its levels.

You collected 774 gold pieces.
You spent 205 gold pieces at shops.

Inventory:

Hand Weapons
 f - a +0 short sword
 n - a +5 dire flail of protection
 w - the +9 quarterstaff "Urghu" (weapon) {drain, *Rage rElec rN+}
   (You found it on level 9 of the Dungeon)

   A truly terrible weapon, it drains the life of those it strikes.
   It insulates you from electricity.
   It protects you from negative energy.
   It may make you go berserk in combat.
Missiles
 y - 5 curare-tipped darts
Armour
 a - a +0 robe
 k - a +1 helmet of intelligence (worn)
 o - a +2 leather armour of fire resistance (worn)
Jewellery
 b - a ring of protection from cold (right hand)
 d - a ring of wizardry (left hand)
 t - a ring of positive energy
 H - a ring of flight
Wands
 c - a wand of flame (37)
 v - a wand of mindburst (8)
 z - a wand of digging (7)
 A - a wand of iceblast (28)
 E - a wand of polymorph (8)
 F - a wand of paralysis (2)
Scrolls
 g - a scroll of teleportation
 i - 4 scrolls of identify
 j - 2 scrolls of fog
 q - a scroll of enchant armour
 s - 2 scrolls of immolation
 u - a scroll of holy word
 x - a scroll of brand weapon {unknown}
 D - a scroll of enchant weapon
Potions
 e - a potion of ambrosia
 h - 6 potions of curing
 l - 2 potions of brilliance
 m - a potion of might {unknown}
 p - a potion of haste {unknown}
 r - 2 potions of attraction
 B - a potion of berserk rage {unknown}
 C - 2 potions of heal wounds
 G - a potion of magic {unknown}


   Skills:
 + Level 9.7 Fighting
 - Level 1.0 Armour
 + Level 10.8 Dodging
 - Level 8.9 Stealth
 - Level 5.0 Spellcasting
 - Level 5.0 Invocations


You couldn't memorise any spells.
You knew the following spells:

 Your Spells              Type           Power      Damage    Failure   Level
a - Foxfire               Conj/Fire      100%       2x1d9     1%          1
b - Magic Dart            Conj           100%       1d8       1%          1
d - Fulminant Prism       Conj/Hex       15%        3d11      6%          4
e - Conjure Flame         Conj/Fire      30%        6-21      1%          3
g - Fireball              Conj/Fire      15%        3d8       17%         5
h - Inner Flame           Hex/Fire       30%        N/A       1%          3
q - Borgnjor's Vile Clut  Necr/Erth      15%        N/A       17%         5
s - Call Imp              Summ           30%        N/A       1%          2
y - Lesser Beckoning      Tloc           15%        N/A       1%          3
z - Sticky Flame          Conj/Fire      30%        2d5       6%          4
Your spell library was empty.

Dungeon Overview and Level Annotations

Branches:
Dungeon (10/15)            Temple (0/1) D:5            Lair (0/6) D:10
    Orc (2/2) D:10
    Elf: Orc:2

Altars:
Dithmenos
Qazlal

Shops:
D:8 ?   D:9 *!(   D:10 (

Annotations:
D:2 Sigmund
D:3 Pikel
D:10 2 transporters


Innate Abilities, Weirdness & Mutations

You are immune to poison.
Your flesh is very heat resistant. (rF++)
You are vulnerable to cold. (rC-)
You float through the air rather than walking.
You learn spells naturally, not from books.
Your magical power is your life essence.
You have superior vitality. (+4 HP)


Message History

The zombie hands constrict the orc warrior, but do no damage.
The orc knight burns!
The orc knight hits you with a +0 broad axe!
* * * LOW HITPOINT WARNING * * *
The orc warrior escapes!
An orc warrior comes into view. It is wielding a +0 short sword.
Your magical contamination has completely faded away.
Unknown command.
Unknown command.
Unknown command.
Unknown command.
You are confused.
You feel invigorated.
The orc knight burns!
The orc knight hits you with a +0 broad axe.
* * * LOW HITPOINT WARNING * * *
Unknown command.
Unknown command.
AUTOQUIT IS NOT ENABLED!
Type p AUTOQUIT IS NOT ENABLED!
Type p AUTOQUIT IS NOT ENABLED!
Type p Lua error: [string "/dgldir/rcfiles/crawl-git/ziggurnaut.rc"]:787: bad argument #1 to 'char' (invalid value)
You hit the orc knight.
The orc knight is almost dead.
The orc knight burns!
You kill the orc knight!
Unknown command.
Unknown command.
Unknown command.
You bump into the stone wall.
The orc wizard points at you and mumbles some strange words.
You resist with almost no effort.
Unknown command.
Unknown command.
The orc warrior hits you with a +0 war axe!
* * * LOW HITPOINT WARNING * * *
The orc warrior throws a boomerang.
The boomerang hits you!
You die...

##### ##o..## .
#.@o..# ..
#[)8.[# ...
#)o...# ...# o
##[..##.....
....##o##......
......))....*.h.
.......(......o.
................
.........#.o....


You could see 2 orc warriors, an orc priest (strong) and an orc wizard (strong).

Vanquished Creatures
  Erica (D:10)
  3 two-headed ogres
  Urug (D:10)
  An orc knight (Orc:2)
  An unseen horror (D:10)
  A komodo dragon (D:10)
  2 kobold demonologists (D:10)
  A wraith (D:10)
  4 yaks
  A wyvern (D:9)
  Eustachio (D:4)
  A steam dragon (D:9)
  2 wargs
  Edmund (D:4)
  2 water moccasins
  Duvessa (D:7)
  10 orc warriors
  An ice beast (D:7)
  A hornet zombie (D:9)
  3 ogres
  A phantom (D:6)
  3 centaurs
  4 lemures (D:4)
  3 kobold brigands
  A bullfrog (D:7)
  5 gnoll sergeants
  Dowan (D:7)
  A wyvern zombie (D:7)
  A scorpion (D:4)
  A water moccasin skeleton (D:5)
  15 killer bees
  2 centaur zombies
  A jelly (D:4)
  A bullfrog zombie (D:6)
  A centaur skeleton (D:6)
  7 orc priests
  A bullfrog skeleton (D:5)
  6 hounds
  2 iguanas
  18 orc wizards
  A hound skeleton (D:4)
  A howler monkey zombie (D:9)
  A howler monkey skeleton (D:7)
  28 gnolls
  6 adders
  2 shadow imps
  A white imp (D:6)
  An ufetubus (D:4)
  A worm (D:2)
  A dart slug (D:4)
  47 orcs
  5 ball pythons
  6 bats
  4 endoplasms (D:2)
  4 giant cockroaches
  6 goblins
  9 hobgoblins
  3 jackals (D:4)
  18 kobolds
  6 quokkas
  3 frilled lizards
  3 rats
271 creatures vanquished.

Vanquished Creatures (collateral kills)
  A hound (D:4)
  Ijyb (D:3)
2 creatures vanquished.

Vanquished Creatures (others)
  An orc priest (D:7)
  An orc wizard (D:7)
  2 orcs (D:7)
  757 foxfires
  76 fulminant prisms
  15 plants
852 creatures vanquished.

Grand Total: 1125 creatures vanquished

Notes
Turn   | Place    | Note
-------+----------+-------------------------------------------
     0 | D:1      | ziggurnaut the Djinni Fire Elementalist began the quest for
                  | the Orb.
     0 | D:1      | Reached XP level 1. HP: 15/15 MP: 0/0
    12 | D:1      | Noticed an electric eel
   142 | D:1      | Found a faded altar of an unknown god.
   218 | D:1      | Became a worshipper of Dithmenos the Shadowed
   218 | D:1      | Reached * piety under Dithmenos
   273 | D:1      | Reached XP level 2. HP: 17/21 MP: 0/0
  1288 | D:2      | Reached XP level 3. HP: 25/26 MP: 0/0
  1288 | D:2      | Learned a level 1 spell: Magic Dart
  1335 | D:2      | Noticed Sigmund
  1507 | D:2      | Reached ** piety under Dithmenos
  1892 | D:2      | Reached skill level 1 in Fighting
  2043 | D:2      | Found a stormy altar of Qazlal.
  2060 | D:2      | Reached skill level 3 in Dodging
  2561 | D:3      | Identified a scroll of acquirement
  2561 | D:3      | Acquired a +0 helmet of intelligence
  2573 | D:3      | Noticed Ijyb
  2676 | D:3      | Paralysed by Ijyb for 4 turns
  2681 | D:3      | Paralysed by Ijyb for 3 turns
  2833 | D:2      | Reached XP level 4. HP: 23/32 MP: 0/0
  3497 | D:3      | Reached XP level 5. HP: 31/38 MP: 0/0
  3497 | D:3      | Learned a level 2 spell: Call Imp
  4233 | D:4      | Noticed Eustachio
  4320 | D:4      | Killed Eustachio
  4321 | D:4      | Reached skill level 4 in Dodging
  4321 | D:4      | Reached XP level 6. HP: 38/45 MP: 0/0
  4578 | D:4      | Noticed Edmund
  4690 | D:4      | Killed Edmund
  4704 | D:4      | Reached XP level 7. HP: 9/50 MP: 0/0
  4704 | D:4      | Learned a level 3 spell: Lesser Beckoning
  4963 | D:3      | Paralysed by Ijyb for 5 turns
  4973 | D:3      | Killed Ijyb
  5264 | D:4      | Noticed Pikel
  6096 | D:4      | Reached skill level 5 in Dodging
  6500 | D:5      | Entered Level 5 of the Dungeon
  6525 | D:5      | Reached *** piety under Dithmenos
  6655 | D:5      | Reached XP level 8. HP: 47/58 MP: 0/0
  6725 | D:5      | Found a staircase to the Ecumenical Temple.
  8220 | D:6      | Reached skill level 6 in Dodging
  8220 | D:6      | Reached skill level 5 in Spellcasting
  8347 | D:6      | Reached skill level 5 in Stealth
  8470 | D:6      | Reached skill level 5 in Fighting
  8937 | D:7      | Reached XP level 9. HP: 40/65 MP: 0/0
  8937 | D:7      | Learned a level 4 spell: Fulminant Prism
  9103 | D:7      | Noticed Duvessa
  9104 | D:7      | Noticed Dowan
  9109 | D:7      | Killed Duvessa
  9117 | D:7      | Killed Dowan
  9118 | D:7      | Reached skill level 7 in Dodging
  9922 | D:7      | Reached **** piety under Dithmenos
 10399 | D:8      | Found Zoxiuppa's Magic Scroll Emporium.
 10401 | D:8      | HP: 3/67 [orc warrior/+0 morningstar (12)]
 10819 | D:8      | Bought a scroll of identify for 22 gold pieces
 10819 | D:8      | Bought a scroll of identify for 22 gold pieces
 10819 | D:8      | Bought a scroll of identify for 22 gold pieces
 10819 | D:8      | Bought a scroll of identify for 22 gold pieces
 10905 | D:8      | Reached skill level 8 in Dodging
 11816 | D:9      | Reached XP level 10. HP: 45/75 MP: 0/0
 12816 | D:9      | Reached skill level 9 in Dodging
 12931 | D:9      | Found Xeacvuw's General Store.
 12939 | D:9      | Bought a scroll of teleportation for 42 gold pieces
 13332 | D:9      | Identified the +9 quarterstaff "Urghu" {drain, *Rage rElec
                  | rN+}
 13394 | D:9      | Found Risaleoh's Weapon Shoppe.
 13422 | D:9      | Found Niph's Distillery.
 13432 | D:9      | Bought a potion of heal wounds for 75 gold pieces
 13602 | D:10     | Entered Level 10 of the Dungeon
 13632 | D:10     | Noticed Urug
 13652 | D:10     | Killed Urug
 13805 | D:10     | Noticed Erica
 13821 | D:10     | Killed Erica
 13927 | D:10     | Noticed a two-headed ogre
 13994 | D:10     | Killed a two-headed ogre
 13995 | D:10     | Reached skill level 10 in Dodging
 13995 | D:10     | Reached XP level 11. HP: 66/84 MP: 0/0
 13995 | D:10     | Learned a level 5 spell: Borgnjor's Vile Clutch
 14092 | D:10     | Found a staircase to the Lair.
 14566 | D:10     | Found Eroecuif's Antique Weapon Shoppe.
 14667 | D:10     | Reached ***** piety under Dithmenos
 14875 | D:10     | Found a staircase to the Orcish Mines.
 15072 | D:10     | Found a transporter.
 15074 | D:10     | Found a transporter.
 15074 | D:10     | Noticed a boulder beetle
 15175 | D:10     | Noticed a sixfirhy
 15575 | D:10     | Reached skill level 1 in Invocations
 15779 | D:10     | Noticed a two-headed ogre
 15799 | D:10     | Killed a two-headed ogre
 16092 | Orc:1    | Entered Level 1 of the Orcish Mines
 16117 | Orc:1    | Noticed a two-headed ogre
 16135 | Orc:1    | Killed a two-headed ogre
 16136 | Orc:1    | Reached skill level 5 in Invocations
 16136 | Orc:1    | Reached skill level 1 in Armour
 16705 | Orc:2    | Entered Level 2 of the Orcish Mines
 16809 | Orc:2    | Noticed an orc knight
 16827 | Orc:2    | Killed an orc knight
 16829 | Orc:2    | HP: 3/85 [orc warrior/+0 war axe (16)]
 16829 | Orc:2    | Hit by a boomerang thrown by an orc warrior

Illustrated notes

Levels and vault maps discovered:
D:1:      arrival_aquarium_a, layout_rooms, basic_ecumenical_altar,
          glass_columns_a
D:2:      layout_loops_corners, basic_altar, minmay_pentomino_t2, uniq_natasha,
          uniq_sigmund
D:3:      layout_basic, kennysheep_generic_room_4, uniq_ijyb
D:4:      layout_cave_pools, minmay_liquid_box, minmay_increasing_density,
          uniq_edmund, uniq_eustachio, uniq_pikel
D:5:      layout_basic, minmay_temple_entry_mist
D:6:      layout_basic
D:7:      layout_basic, glass_columns_c, lemuel_flamethrower_2, uniq_duvessa
D:8:      layout_loops_cross, serial_shops, shop, minmay_misc_feat_enclosed,
          serial_bayou_crossing
D:9:      layout_loops_corners, serial_shops, shop, nicolae_shop_stone, shop,
          serial_glass, glass_columns_a, glass_columns_a, glass_columns_a,
          glass_columns_b
D:10:     gammafunk_boulding_lane, layout_loops_corners,
          nicolae_overflow_hidden_temple, david_lair_shrubbed, orc_0_dummy,
          serial_shops, shop, uniq_urug, uniq_erica
Orc:1:    layout_caves, uniq_maurice, uniq_josephine
Orc:2:    grunt_orc_community_town_hall, layout_caves,
          grunt_orc_community_big_house_1, grunt_orc_community_big_house_1,
          grunt_orc_community_house_1, grunt_orc_community_house_3,
          grunt_orc_community_house_2, grunt_orc_community_house_2,
          nicolae_orc_rockfall

Skill      XL: |  1  2  3  4  5  6  7  8  9 10 11 |
---------------+----------------------------------+-----
Stealth        | 2 3 4 5 7 8 |  8.9
Spellcasting   | 3 4 5 |  5.0
Fighting       | 1 2 3 5 7 9 |  9.7
Dodging        | 3 4 5 6 8 10 | 10.8
Invocations    | 5 |  5.0
Armour         | 1 |  1.0

Action                   |  1- 3 |  4- 6 |  7- 9 | 10-12 || total
-------------------------+-------+-------+-------+-------++-------
Melee: Unarmed           |     1 |       |       |       ||     1
       Short sword       |       |     2 |       |       ||     2
       Dire flail        |       |       |    28 |     4 ||    32
       Quarterstaff      |       |       |       |    23 ||    23
 Cast: Foxfire           |    93 |    88 |   221 |    50 ||   452
       Magic Dart        |    11 |       |     3 |       ||    14
       Sticky Flame      |       |     4 |    16 |    15 ||    35
       Call Imp          |       |     2 |     4 |     4 ||    10
       Fireball          |       |       |     4 |    11 ||    15
       Conjure Flame     |       |       |     1 |       ||     1
       Fulminant Prism   |       |       |    30 |    46 ||    76
       Borgnjor's Vile C |       |       |       |    19 ||    19
Evoke: Wand              |       |       |       |     1 ||     1
  Use: Scroll            |     5 |       |    13 |     2 ||    20
       Potion            |       |       |       |     1 ||     1
 Stab: Sleeping          |       |       |       |     2 ||     2
Armor: Robe              |     1 |     9 |       |       ||    10
       Leather armour    |       |       |    25 |    17 ||    42
Dodge: Dodged            |    21 |    25 |   117 |    69 ||   232

Table legend: (Time is in decaauts)
 A = Elapsed time spent in this place.
 B = Non-inter-level travel time spent in this place.
 C = Inter-level travel time spent in this place.
 D = Time resting spent in this place.
 E = Time spent auto-exploring this place.
 F = Levels seen in this place.
 G = Mean time per level.
                   A        B        C        D        E       F      G
               +--------+--------+--------+--------+--------+-----+--------+
         Total |  16886 |  16220 |    666 |   3439 |  10451 |  12 | 1407.2 |
       Dungeon |  16448 |  15794 |    654 |   3345 |  10228 |  10 | 1644.8 |
  Orcish Mines |    438 |    426 |     12 |     94 |    223 |   2 |  219.0 |
               +--------+--------+--------+--------+--------+-----+--------+

Top non-repeatable levels by time:
    D:10: 2795 daAuts
     D:2: 2209 daAuts
     D:4: 1814 daAuts
     D:8: 1641 daAuts
     D:9: 1629 daAuts
     D:3: 1563 daAuts
     D:5: 1534 daAuts
     D:7: 1446 daAuts
     D:1: 942 daAuts
     D:6: 871 daAuts
   Orc:1: 311 daAuts
   Orc:2: 127 daAuts
